 Dungeon Crawl Stone Soup version 0.25-a0-942-g87a53962fc (webtiles) character file.

Game seed: 14742154605533271922, levelgen mode: deterministic

55 MisterFreud the Skirmisher (level 4, -2/39 HPs)
             Began as a Formicid Abyssal Knight on May 7, 2020.
             Was a Follower of Lugonu.
             Killed from afar by a white imp (14 damage)
             ... with a puff of frost
             ... summoned by Natasha
             ... on level 2 of the Dungeon.
             The game lasted 00:02:38 (1685 turns).

MisterFreud the Skirmisher (FoAK)                   Turns: 1685, Time: 00:02:38

Health: -2/39      AC:  3    Str: 17    XL:     4   Next: 14%
Magic:  5/5        EV: 11    Int: 12    God:    Lugonu [*.....]
Gold:   94         SH:  0    Dex: 15    Spells: 3/3 levels left

rFire    . . .     SeeInvis +   a - +1 mace
rCold    . . .     Gourm    .   (no shield)
rNeg     . . .     Faith    .   b - +0 leather armour
rPois    .         Spirit   .   (helmet unavailable)
rElec    .         Reflect  .   (no cloak)
rCorr    .         Harm     .   (no gloves)
MR       .....                  (no boots)
Stlth    +.........             (no amulet)
HPRegen  0.13/turn              f - +5 ring of dexterity
MPRegen  0.09/turn              (no ring)

@: no status effects
A: permanent stasis, dig shafts and tunnels, four strong arms, antennae 3
a: Dig, Shaft Self, Depart the Abyss, Renounce Religion


You were on level 2 of the Dungeon.
You worshipped Lugonu.
Lugonu was aware of your devotion.
You were hungry.

You visited 1 branch of the dungeon, and saw 2 of its levels.
You visited the Abyss 1 time.

You collected 94 gold pieces.

Inventory:

Hand Weapons
 a - a +1 mace (weapon)
Missiles
 e - 33 stones (quivered)
 k - 16 sling bullets
Armour
 b - a +0 leather armour (worn)
Jewellery
 f - a +5 ring of dexterity (left hand)
Scrolls
 d - a scroll of remove curse {unknown}
 i - a scroll of immolation {unknown}
 j - 3 scrolls of identify {unknown}
 n - a scroll of teleportation {unknown}
Potions
 g - a potion of curing {unknown}
 h - a potion of haste {unknown}
 m - a potion of resistance {unknown}
Comestibles
 c - 2 rations


   Skills:
 + Level 5.2 Fighting
 - Level 2.0 Maces & Flails
 - Level 2.1 Armour
 - Level 0.8 Dodging
 - Level 2.1 Invocations


You had 3 spell levels left.
You didn't know any spells.
Your spell library was empty.

Dungeon Overview and Level Annotations

Branches:
Dungeon (2/15)

Altars:
Okawaru
Ru
Sif Muna
Wu Jian
Zin

Annotations:
D:2 Natasha


Innate Abilities, Weirdness & Mutations

You cannot be hasted, slowed, berserked, paralysed or teleported.
You can dig through walls and to a lower floor.
Your four strong arms can wield two-handed weapons with a shield.
You have a pair of large antennae on your head. (SInv)


Message History

Natasha barely misses you.
You barely miss Natasha.
Natasha is lightly wounded.
Natasha stares at you and mumbles some strange words.
Your stasis prevents you from being slowed.
Okay, then.
Unknown command.
You hit Natasha.
Natasha is heavily wounded.
Natasha casts a spell.
Natasha claws you but does no damage.
You closely miss Natasha.
Natasha is heavily wounded.
Natasha closely misses you.
You hit Natasha but do no damage.
Natasha is heavily wounded.
Natasha claws you! The white imp gestures at you. The puff of frost hits you!
You die...

#..........#..####.#.#...# ..
#...[.........# #.#.#.#.#####
##.####..###.## #.#.#.#.#.#
##.##........#####.#...#...# ##
{........###.......##..#..###
.##.........# #.#########....#.#
..###.####.####.##.# ####..##.##
#.._#.##.........5#...##...#.#.#
..###.##.#......@h.# ##.##.##.#
.## #.##.######.#### #..#.###.#
## #.#..# #.# ###.## #.# #.#.##
#.########.## #.#
#####.#.#######.......########.##
........<....########.......##.#.
#######.####.# #.###.#.##... #.#
#.# #.# #.#.####. #.####.#####
#.# #.#.# #^


You could see Natasha and a white imp.

Vanquished Creatures
  2 adders (D:2)
  A worm (D:2)
  2 dart slugs (D:1)
  A leopard gecko (D:2)
  A ball python (D:1)
  A giant cockroach (D:2)
  2 goblins (D:1)
  4 hobgoblins
  3 jackals (D:1)
  10 kobolds
  2 rats (D:1)
29 creatures vanquished.

Notes
Turn   | Place    | Note
-------+----------+-------------------------------------------
     0 | Abyss:1  | MisterFreud the Formicid Abyssal Knight began the quest for
                  | the Orb.
     0 | Abyss:1  | Reached XP level 1. HP: 18/18 MP: 2/2
     3 | Abyss:1  | Found a corrupted altar of Lugonu.
    30 | Abyss:1  | Found a snail-covered altar of Cheibriados.
    66 | Abyss:1  | Noticed a small abomination
    66 | Abyss:1  | Noticed a sixfirhy
    67 | D:1      | Escaped the Abyss
   279 | D:1      | Reached XP level 2. HP: 23/25 MP: 3/3
   286 | D:1      | Reached * piety under Lugonu
   286 | D:1      | Reached skill level 4 in Fighting
   722 | D:1      | Reached XP level 3. HP: 30/31 MP: 4/4
  1110 | D:2      | Found a sacrificial altar of Ru.
  1110 | D:2      | Found an ornate altar of the Wu Jian Council.
  1116 | D:2      | Found an iron altar of Okawaru.
  1118 | D:2      | Found a glowing silver altar of Zin.
  1120 | D:2      | Found a shimmering blue altar of Sif Muna.
  1156 | D:2      | Reached skill level 5 in Fighting
  1257 | D:2      | Reached XP level 4. HP: 4/39 MP: 5/5
  1673 | D:2      | Noticed Natasha
  1685 | D:2      | Killed from afar by a white imp

Levels and vault maps discovered:
D:1:      mrwooster_arrival_statue_2, layout_basic, minivault_4,
          chequers_mini_garden, kennysheep_another_room
D:2:      wad_crossroads, layout_loops_ring,
          chequers_temple_overflow_minitemple, uniq_natasha

Skill      XL: |  1  2  3 |
---------------+----------+-----
Fighting       | 4 5 |  5.2
Maces & Flails | |  2.0
Armour         | |  2.1
Dodging        | |  0.8
Invocations    | |  2.1

Action                   |  1- 3 |  4- 6 || total
-------------------------+-------+-------++-------
Melee: Mace              |    72 |    27 ||    99
Invok: Depart the Abyss  |     1 |       ||     1
 Abil: Dig               |     1 |       ||     1
 Stab: Sleeping          |       |     1 ||     1
  Eat: Chunk             |     1 |     1 ||     2
Armor: Leather armour    |    19 |     8 ||    27
Dodge: Dodged            |    44 |    18 ||    62

Table legend:
 A = Non-vault XP
 B = Vault XP
 C = Vault XP percentage of total XP
 D = Non-vault monster count
 E = Vault monster count
 F = Vault count percentage of total count
                 A         B        C        D         E       F
            +---------+---------+-------+---------+---------+-------
      Total |      77 |       2 |   2.5 |      28 |       1 |   3.4
            +---------+---------+-------+---------+---------+-------
        D:1 |      37 |       0 |   0.0 |      20 |       0 |   0.0
        D:2 |      40 |       2 |   4.8 |       8 |       1 |  11.1
            +---------+---------+-------+---------+---------+-------
